 Dungeon Crawl Stone Soup version 0.29.0-4-gdea44cf6ec (webtiles) character file.

Game seed: 16893317118251917183

62 qw the Chopper (level 4, 0/26 HPs)
             Began as a Tengu Warper on Aug 28, 2022.
             Slain by an orc
             ... wielding a +0 falchion
              (1 damage)
             ... on level 2 of the Dungeon.
             The game lasted 00:00:05 (1114 turns).

qw the Chopper (Tengu Warper)                       Turns: 1114, Time: 00:00:05

Health: 0/26       AC:  6    Str: 13    XL:     4   Next: 8%
Magic:  8/8        EV:  9    Int: 13    God:
Gold:   68         SH:  0    Dex: 14    Spells: 7/7 levels left

rFire   . . .      SeeInvis .   Y - +0 hand axe
rCold   . . .      Faith    .   (no shield)
rNeg    . . .      Spirit   .   e - +0 scale mail
rPois   .          Reflect  .   (helmet restricted)
rElec   .          Harm     .   (no cloak)
rCorr   .          Rampage  .   (no gloves)
Will    .....                   (boots unavailable)
Stlth   ..........              (no amulet)
HPRegen 0.08/turn               (no ring)
MPRegen 0.11/turn               (no ring)

@: no status effects
A: beak, talons 3
a: no special abilities


You were on level 2 of the Dungeon.
You visited 1 branch of the dungeon, and saw 2 of its levels.

You collected 68 gold pieces.


Innate Abilities, Weirdness & Mutations

You have a beak for a mouth.
You have claws for feet.


   Skills:
 - Level 2.0 Fighting
 + Level 4.7 Axes
 - Level 1.0 Throwing
 - Level 1.1 Armour
 - Level 2.1 Dodging
 - Level 2.0 Spellcasting
 - Level 2.4 Translocations


You had 7 spell levels left.
You didn't know any spells.
Your spell library contained the following spells:

 Spells                   Type           Power      Damage    Failure   Level
 Blink                    Tloc           14%        N/A       56%         2
 Gell's Gravitas          Tloc           7%         N/A       80%         3
 Lesser Beckoning         Tloc           7%         N/A       80%         3
 Teleport Other           Tloc           7%         N/A       80%         3
 Manifold Assault         Tloc           7%         N/A       100%        5

Inventory:

Hand Weapons
 f - a +0 whip
 Y - a +0 hand axe (weapon)
Armour
 e - a +0 scale mail (worn)
Jewellery
 a - a ring of positive energy
Potions
 d - a potion of curing {unknown}
 g - a potion of berserk rage {unknown}
 h - a potion of lignification {unknown}

Dungeon Overview and Level Annotations

Branches:
Dungeon (2/15)

Altars:


Message History

The orc priest is severely wounded.
The orc priest closely misses you.
You barely miss the orc priest. You claw the orc priest.
The orc priest is almost dead.
An orc comes into view. It is wielding a +0 falchion.
The orc priest looks satisfied for a moment.
You hit the orc priest.
You kill the orc priest!
You barely miss the orc wizard. The orc wizard closely misses you.
You have reached level 4!
You feel agile.
You barely miss the orc wizard. You claw the orc wizard.
The orc wizard is moderately wounded.
You hit the endoplasm. You barely miss the orc.
The orc wizard gestures at you while chanting.
The magic dart hits you. The orc hits you but does no damage.
The endoplasm freezes you.
You are frozen.
The endoplasm hits you but does no damage.
The orc wizard points at you and mumbles some strange words.
The magic dart hits you! The orc closely misses you.
You miss the orc wizard.
The orc wizard is moderately wounded.
You hit the endoplasm. You hit the orc but do no damage.
The orc wizard barely misses you.
The endoplasm hits you but does no damage.
The orc hits you but does no damage.
You hit the endoplasm.
You kill the endoplasm!
You hit the orc. You barely miss the orc wizard.
An endoplasm comes into view.
The orc wizard hits you but does no damage.
The orc hits you with a +0 falchion.
You barely miss the orc wizard.
The endoplasm quivers.
Your kick misses the orc wizard. Your peck misses the orc wizard.
The orc wizard is lightly wounded.
You hit the orc but do no damage. The orc wizard barely misses you.
The orc hits you with a +0 falchion.
You die...

. .# ##.## J...# #
###....# #.
....#..##
#..##.......#
#..o@........
#..o#..(....#
#...#......##
#?..#.##.#...
.....#.##.# ##
....#.#.##.#####..#
######.#...........#
#.####.####.### #.#
#...


You could see an orc wizard, an orc and an endoplasm.

Vanquished Creatures
  An orc priest (D:2)
  3 dart slugs (D:1)
  4 endoplasms
  2 giant cockroaches (D:1)
  A goblin (D:1)
  3 hobgoblins (D:1)
  3 ball pythons (D:1)
  6 bats (D:1)
  2 frilled lizards (D:1)
  A kobold (D:2)
  3 rats (D:1)
29 creatures vanquished.

Notes
Turn   | Place    | Note
-------+----------+-------------------------------------------
     0 | D:1      | qw the Tengu Warper began the quest for the Orb.
     0 | D:1      | Reached XP level 1. HP: 12/12 MP: 4/4
     0 | D:1      | 0 ||| qw: Version: 0.1-a-89-g26bdef1
     0 | D:1      | 0 ||| qw: Game counter: 1606
     0 | D:1      | 0 ||| qw: Always use a shield: true
     0 | D:1      | 0 ||| qw: God list: Okawaru
     0 | D:1      | 0 ||| qw: Allow faded altars: false
     0 | D:1      | 0 ||| qw: Do Orc after D:15 true
     0 | D:1      | 0 ||| qw: Do second Lair branch before Depths: true
     0 | D:1      | 0 ||| qw: Lair rune preference: random
     0 | D:1      | 0 ||| qw: Plans: Normal
     0 | D:1      | 0 ||| PLANNING D:1-11
    98 | D:1      | 98 ||| Stepping ~*~*~tactically~*~*~ (stealth).
    99 | D:1      | 99 ||| Stepping ~*~*~tactically~*~*~ (stealth).
   100 | D:1      | 100 ||| Stepping ~*~*~tactically~*~*~ (stealth).
   108 | D:1      | HP: 3/12 [frozen (4)]
   110 | D:1      | Reached skill level 3 in Axes
   110 | D:1      | Reached XP level 2. HP: 4/17 MP: 6/6
   123 | D:1      | 123 ||| Stepping ~*~*~tactically~*~*~ (stealth).
   130 | D:1      | 130 ||| Stepping ~*~*~tactically~*~*~ (stealth).
   131 | D:1      | 131 ||| Stepping ~*~*~tactically~*~*~ (stealth).
   581 | D:1      | Reached XP level 3. HP: 19/21 MP: 7/7
   822 | D:1      | Reached skill level 4 in Axes
  1021 | D:1      | 1021 ||| UPGRADING to +0 scale mail.
  1031 | D:1      | 1031 ||| DROPPING +0 leather armour.
  1032 | D:1      | 1032 ||| DROPPING ring of wizardry.
  1033 | D:1      | 1033 ||| READING scroll labelled EKHYEF TOOMOAM.
  1034 | D:1      | 1034 ||| READING scroll labelled KUPLOL WUOKKO.
  1035 | D:1      | 1035 ||| DROPPING scroll of blinking.
  1071 | D:2      | 1071 ||| Stepping ~*~*~tactically~*~*~ (stealth).
  1072 | D:2      | 1072 ||| Stepping ~*~*~tactically~*~*~ (stealth).
  1083 | D:2      | 1083 ||| Stepping ~*~*~tactically~*~*~ (stealth).
  1111 | D:2      | Reached XP level 4. HP: 20/26 MP: 8/8
  1111 | D:2      | HP: 4/26 [orc wizard/magic dart (7)]
  1113 | D:2      | HP: 1/26 [orc/+0 falchion (3)]
  1114 | D:2      | Slain by an orc

Levels and vault maps discovered:
D:1:      minmay_arrival_loop, layout_basic, minmay_small_reverse_x
D:2:      layout_loops_ring, serial_bayou, serial_bayou_shore_a,
          serial_bayou_shore_b, serial_bayou_pond_e, serial_bayou_lagoon_b

Skill      XL: |  1  2  3 |
---------------+----------+-----
Axes           | 3 4 |  4.7
Fighting       | |  2.0
Throwing       | |  1.0
Armour         | |  1.1
Dodging        | |  2.1
Spellcasting   | |  2.0
Translocations | |  2.4

Action                   |  1- 3 |  4- 6 || total
-------------------------+-------+-------++-------
Melee: Hand axe          |    51 |     4 ||    55
       Kick              |    15 |     1 ||    16
       Peck              |     5 |       ||     5
Throw: Boomerang         |     7 |       ||     7
  Use: Scroll            |     2 |       ||     2
Armor: Leather armour    |    13 |       ||    13
       Scale mail        |       |     5 ||     5
Dodge: Dodged            |    40 |     3 ||    43

Table legend:
 A = Non-vault XP
 B = Vault XP
 C = Vault XP percentage of total XP
 D = Non-vault monster count
 E = Vault monster count
 F = Vault count percentage of total count
                 A         B        C        D         E       F
            +---------+---------+-------+---------+---------+-------
      Total |      80 |       9 |  10.1 |      25 |       4 |  13.8
            +---------+---------+-------+---------+---------+-------
        D:1 |      37 |       9 |  19.6 |      22 |       4 |  15.4
        D:2 |      43 |       0 |   0.0 |       3 |       0 |   0.0
            +---------+---------+-------+---------+---------+-------
